[Event "Romanian Rapid Open 2022"]
[Site "Sebes"]
[Date "2022.12.02"]
[Round "4.29"]
[White "Dan, Cantemir-Dorian"]
[Black "Lup, Constantin-Ionel"]
[Result "1-0"]
[ECO "B27"]
[WhiteElo "2036"]
[BlackElo "1739"]
[Annotator "TA"]
[PlyCount "85"]
[EventDate "2022.12.02"]
[EventType "rapid"]
[EventCountry "ROU"]
[SourceTitle "playchess.com"]
[Source "ChessBase"]
[SourceQuality "1"]
[TimeControl "600+5"]

1. e4 c5 2. Nf3 g6 3. c3 Bg7 4. d4 cxd4 5. cxd4 d5 6. e5 a6 {[%emt 0:00:02] B27: Sicilian: 2 Nf3, unusual Black 2nd moves.} 7. Nc3 Nc6 8. Be2 Bg4 {[%emt 0:00:03] The position is equal.} 9. Be3 e6 10. O-O Nge7 11. h3 Bxf3 12. Bxf3 O-O 13. g4 f6 14. exf6 Bxf6 {[%emt 0:00:04] [#]} 15. Bg2 $146 ({Predecessor:} 15. g5 Bxd4 16. Bxd4 Nxd4 17. Qxd4 Rxf3 18. Qg4 Rf5 19. h4 Nc6 20. Kg2 Qb6 21. Ne2 Raf8 22. f4 e5 23. b3 Qe3 24. Qf3 Qxf3+ 25. Rxf3 d4 26. Raf1 e4 {0-1 (26) Hairetis,I (1682)-Ventura Bolet,M (2250) Heraklion 2016}) 15... b5 (15... g5 $11) 16. Ne2 Rc8 17. Re1 Qd7 18. a3 Na5 19. b3 Nec6 20. a4 bxa4 (20... Rb8 $5 ) 21. Rxa4 Qb7 $2 (21... Rb8 $11 {and Black stays safe.}) 22. Nf4 $18 Rfe8 {[%emt 0:00:41][%mdl 8192] [#]} (22... Qf7 $16) 23. Nxd5 $1 exd5 24. Bxd5+ {[%emt 0:00:01] A strong pair of Bishops.} Kh8 25. Rxa5 Qd7 26. Bxc6 (26. Rxa6 $2 {is the wrong capture.} Qxd5 27. Bh6 Bxd4 $19) 26... Rxc6 27. Qd3 Qd6 28. Rea1 $2 (28. d5 $18) 28... Ra8 $2 (28... Rxe3 $16 29. Qxe3 Bxd4) 29. d5 (29. R1a4 $142) 29... Bxa1 30. Rxa1 {[%emt 0:00:12] aiming for Bd4+.} Rc7 {[%emt 0:00:04] [#]} 31. Rd1 (31. Bd4+ $142 $1 Kg8 32. Bb2) 31... Rb7 {[%emt 0:00:05] [#]} (31... Rf7 $16 {is a better defense.}) 32. Qd4+ $2 ({Better is} 32. Bd4+ $1 $18 Kg8 33. Ba1) 32... Kg8 $11 33. Bf4 Qb6 34. Qe5 Rf8 35. Rd3 {[%emt 0:00:21] Active counter play!} Rd7 $2 (35... Qf6 $11 36. Qxf6 Rxf6) 36. d6 $16 {[%emt 0:00:06] Threatens to win with Be3. Really sharp!} Qc6 $2 (36... Rdf7 $16 {is more resistant.} 37. Be3 Qb5) 37. Bh6 $18 Rc8 38. Qe6+ (38. Bd2 $18 {Intending Bc3 and mate.} h6 39. h4) 38... Kh8 $2 (38... Rf7 $16) 39. Bf4 Kg7 40. Be5+ {[%emt 0:00:08] White mates.} Kh6 41. g5+ Kxg5 42. Qg4+ Kh6 43. Qh4# {[%emt 0:00:02] Weighted Error Value: White=0.46/Black=0.77} 1-0

[Event "Romanian Rapid Open 2022"]
[Site "Sebes"]
[Date "2022.12.02"]
[Round "4.30"]
[White "Hoanca, Alexia-Ioana"]
[Black "Lupulescu, Adrian-Calin"]
[Result "0-1"]
[ECO "B03"]
[WhiteElo "1644"]
[BlackElo "1930"]
[Annotator "TA"]
[PlyCount "95"]
[EventDate "2022.12.02"]
[EventType "rapid"]
[EventCountry "ROU"]
[SourceTitle "playchess.com"]
[Source "ChessBase"]
[SourceQuality "1"]
[TimeControl "600+5"]

1. e4 Nf6 2. e5 Nd5 3. d4 d6 4. c4 Nb6 5. f4 dxe5 6. fxe5 c5 7. d5 g6 8. Nc3 {[%emt 0:01:34] The main line 8.Nc3 scores better than 8.Nf3.} Bg7 {[%emt 0:00:02][%cal Ob8d7] B03: Alekhine's Defence: Four Pawns Attack.} 9. Bf4 O-O {[%emt 0:00:04] [#]} 10. Nf3 (10. Qd2 $1 $16) 10... Bg4 $1 $11 {[%emt 0:00:03] The position is equal.} 11. Qd2 Bxf3 12. gxf3 {[%emt 0:00:01] aiming for Bg3.} N8d7 13. Qe3 Qb8 14. e6 (14. O-O-O $5 ) 14... Ne5 15. Bxe5 {[%emt 0:00:57] [#]} (15. Bg3 $1 $15) 15... Bxe5 $146 ({Predecessor:} 15... Qxe5 16. Qxe5 Bxe5 17. Kf2 fxe6 18. dxe6 Rf6 19. Re1 Bd4+ 20. Kg3 Raf8 21. Bg2 Bxc3 22. bxc3 Nxc4 {0-1 (66) Delaire,E (1890)-Havelka,G (1730) Finistere 2002}) 16. exf7+ Rxf7 17. Bh3 $2 (17. Bd3 $17 {keeps fighting.}) 17... Kg7 18. b3 (18. Qxc5 $2 {is the wrong capture.} Bxc3+ 19. bxc3 Qe5+ 20. Kd2 Rxf3 $19) (18. Qe2 {is more resistant.} Bxc3+ 19. bxc3) 18... Bd4 $19 ({Stronger than} 18... Bxh2 19. Be6 Qg3+ 20. Ke2 (20. Kd2 $2 Rxf3 21. Ne2 Rxe3 $17) 20... Qg2+ 21. Qf2 Qxf2+ 22. Kxf2 $15) 19. Qd3 Qe5+ 20. Kd2 Bxc3+ 21. Qxc3 Qxc3+ 22. Kxc3 Rxf3+ 23. Kd2 Rxh3 24. Rae1 Re8 25. d6 e5 26. Kc2 Rh4 27. Re2 Rd4 28. Rhe1 Rxd6 29. Rxe5 Rxe5 30. Rxe5 {[%emt 0:00:02][%mdl 4096] Endgame KRN-KR} Nd7 31. Re7+ Kh6 32. Re4 g5 33. Re8 Nf6 34. Re7 Rd7 35. Re6 Kg6 36. Re5 b6 37. Re6 Kf5 38. Re3 g4 {[%emt 0:00:04] Threatens to win with ...Ne4.} 39. Re2 Ne4 40. Rg2 h5 41. Kc1 h4 {[%emt 0:00:03] And now ...g3 would win.} 42. Rg1 g3 43. hxg3 hxg3 44. Rf1+ Nf2 {[%emt 0:00:04][%cal Od7d1] ( -> ...Rd1+!)} 45. Rg1 {[%emt 0:00:10] [#] Inhibits Rd1+.} Rd1+ $1 {[%emt 0:00:10] Black mates.} 46. Rxd1 Nxd1 47. Kxd1 g2 48. Ke2 {[%emt 0:00:01] White got outplayed after the opening.   Weighted Error Value: White=0.52/Black=0.14 (very precise)} 0-1

[Event "Romanian Rapid Open 2022"]
[Site "Sebes"]
[Date "2022.12.02"]
[Round "4.31"]
[White "Anghel, Iulian-Mihai"]
[Black "Tatar, Marius Lucian"]
[Result "1-0"]
[ECO "C45"]
[WhiteElo "2061"]
[BlackElo "1405"]
[Annotator "TA"]
[PlyCount "95"]
[EventDate "2022.12.02"]
[EventType "rapid"]
[EventCountry "ROU"]
[SourceTitle "playchess.com"]
[Source "ChessBase"]
[SourceQuality "1"]
[TimeControl "600+5"]

1. e4 e5 2. Nf3 Nc6 3. d4 exd4 4. Nxd4 Bc5 5. Nb3 Bb6 6. Nc3 Nf6 7. Bg5 h6 8. Bh4 d6 {[%emt 0:00:10][%cal Of6e4] 8...0-0 is more advanced technology. C45: Scotch Game.} 9. Qd2 {[%emt 0:01:21] [#]} (9. Qe2 $11) 9... Nxe4 $1 $17 10. Qf4 Nf6 $1 {[%emt 0:00:10] Black is better.} 11. Bxf6 Qxf6 12. Qxf6 gxf6 13. Nd5 f5 {[%emt 0:00:26] [#]} 14. O-O-O $146 ({Predecessor:} 14. f4 Be6 15. Nxb6 axb6 16. Nc1 Nb4 17. Kd2 Ke7 18. a3 Bd5 19. c3 Nc6 20. Nd3 {0-1 (52) Hanzl,T (1804)-Paldus,P (2025) Pardubice 2021}) 14... Be6 (14... Bxf2 $2 15. Nxc7+ Kd8 16. Nxa8 $18) 15. Be2 O-O-O ({Don't play} 15... Bxf2 16. Nxc7+ Kd7 17. Nxa8 $16) 16. Rhf1 Rhe8 17. Bb5 a6 18. Nxb6+ cxb6 19. Bd3 Nb4 20. a3 Nxd3+ 21. Rxd3 Kb8 {[%emt 0:00:26] Hoping for ...Bc4.} 22. Rfd1 Bxb3 23. Rxb3 $11 {[%emt 0:00:12][%mdl 4096] Endgame KRR-KRR} b5 24. Rh3 Re2 25. Rf3 Re5 26. Rd4 d5 {[%emt 0:01:24] [#]} (26... Rg8 $1 $11 {keeps the balance.}) 27. Rdf4 $1 $16 Rg8 {[%emt 0:00:04] [#]} 28. Rxf5 (28. g3 $1 $16) 28... Rxf5 $11 29. Rxf5 {[%emt 0:00:01] Strongly threatening g3.} Rxg2 $16 {[%emt 0:00:02] KR-KR} 30. h4 Rg4 31. h5 Rg5 $2 {[%emt 0:00:01][%mdl 8192] White now steadily converts the win.} (31... Rh4 $11) 32. Rxg5 $18 {[%emt 0:00:02][%cal Og5g6] White threatens Rg6! and mate.} ({Weaker is} 32. Rxf7 Rxh5 33. Kd2 Rg5 $11) 32... hxg5 {[%emt 0:00:03] KP-KP} 33. h6 {[%emt 0:00:01] White mates.} f5 34. h7 f4 35. h8=Q+ Ka7 36. Qd4+ b6 37. Qxd5 g4 38. Kd2 g3 39. fxg3 fxg3 40. Ke3 a5 41. Kf4 g2 42. Qxg2 Kb8 43. Ke5 b4 44. Kd6 bxa3 45. bxa3 Ka7 46. Kc7 Ka6 47. a4 b5 48. Qb7# {[%emt 0:01:08] Weighted Error Value: White=0.10 (very precise) /Black=0.27 (precise)} 1-0

[Event "Romanian Rapid Open 2022"]
[Site "Sebes"]
[Date "2022.12.02"]
[Round "4.32"]
[White "Balaban-Voia, Alexandru"]
[Black "Sida, Flavia-Maria"]
[Result "1-0"]
[ECO "A42"]
[WhiteElo "1994"]
[BlackElo "1410"]
[Annotator "TA"]
[PlyCount "55"]
[EventDate "2022.12.02"]
[EventType "rapid"]
[EventCountry "ROU"]
[SourceTitle "playchess.com"]
[Source "ChessBase"]
[SourceQuality "1"]
[TimeControl "600+5"]

1. Nf3 d6 2. d4 g6 3. c4 Bg7 4. Nc3 Nc6 5. e4 e5 6. Be3 {[%emt 0:00:49] A42: Modern Defence: Averbakh Variation.} f5 7. dxe5 Nxe5 (7... fxe4 $1 $11 {keeps the balance.} 8. Bg5 (8. Nxe4 Nxe5 9. Nxe5 Bxe5 $11) 8... Qd7 9. Nxe4 Nxe5) 8. Nxe5 {[%emt 0:00:26] White is more active.} (8. c5 $16) 8... Bxe5 $11 9. exf5 (9. c5 $5 ) 9... Bxf5 {[%emt 0:00:05] [#]} 10. Be2 $146 ({Predecessor:} 10. g3 c6 11. Bg2 Be6 12. Qe2 Qd7 13. O-O Qf7 14. Qd2 Bxc4 15. Rfe1 {1-0 (33) Dietmayer Kraeutler,M (2260)-Czupor,A (2084) Bad Gleichenberg 2014}) 10... Qf6 (10... Nf6 $11) 11. O-O $16 (11. Nd5 Qf7 $11) 11... Ne7 12. Nb5 Kf7 {[%emt 0:01:36] [#]} (12... O-O $16) 13. Nxc7 ({White should play} 13. Qd2 $1 $18) 13... Rac8 (13... Bxb2 $16 14. Nxa8 Rxa8) 14. Nd5 $18 (14. Nb5 $6 d5 $16) 14... Nxd5 15. Qxd5+ Be6 {[%emt 0:01:01] [#]} 16. Qxb7+ (16. f4 $142 $1 Bxb2 17. Qxb7+ Kg8 18. Rad1) 16... Qe7 17. Qxe7+ ({But not} 17. Qxa7 $6 Qxa7 18. Bxa7 Bxc4 $16) 17... Kxe7 18. f4 Bf6 19. Rac1 {[%emt 0:00:13] Strongly threatening b3.} h5 $2 {[%emt 0:00:21] Loses the game.} (19... Bxb2 $16 20. Rb1 Rb8) 20. b3 ({Don't play} 20. Bxa7 $6 Ra8 $18) 20... Rc7 21. c5 d5 22. c6 d4 23. Bd2 h4 24. Bb4+ Ke8 25. Bd6 {[%emt 0:00:09] Against h3} Rc8 26. c7 {[%emt 0:00:06] Prevents Rd8.} h3 (26... Kd7 $142) 27. Ba6 hxg2 28. Rfe1 {[%emt 0:00:02] Weighted Error Value: White=0.34/Black=0.58} (28. Bxc8 $2 {perishes.} gxf1=Q+ 29. Rxf1 Bxc8 $19) 1-0

[Event "Romanian Rapid Open 2022"]
[Site "Sebes"]
[Date "2022.12.02"]
[Round "4.33"]
[White "Craciun, Sasha-Matei"]
[Black "Dragut, Stefan-Cristian"]
[Result "1-0"]
[ECO "C10"]
[WhiteElo "2001"]
[BlackElo "1217"]
[Annotator "TA"]
[PlyCount "77"]
[EventDate "2022.12.02"]
[EventType "rapid"]
[EventCountry "ROU"]
[SourceTitle "playchess.com"]
[Source "ChessBase"]
[SourceQuality "1"]
[TimeControl "600+5"]

1. e4 e6 2. d4 d5 3. Nc3 dxe4 4. Nxe4 Bd7 5. Nf3 Bc6 6. Bd3 Nd7 7. Qe2 Ngf6 8. Bd2 Bxe4 {[%emt 0:00:11] was the old line (8...Nxe4). C10: French with 3 Nc3: Unusual Black 3rd moves and 3...dxe4.} 9. Bxe4 Nxe4 10. Qxe4 c6 {[%emt 0:00:03] White has an edge.} 11. O-O-O Nf6 12. Qd3 {[%emt 0:00:07] [#]} Qb6 $146 ({Predecessor:} 12... Bd6 13. Kb1 Qc7 14. Rhe1 O-O-O 15. Bg5 Kb8 16. Qb3 Qb6 17. Qxb6 axb6 18. c4 Rd7 {½-½ (58) Gajcin,M (2281)-Schouten,M (2118) Stavanger 2022}) 13. Kb1 O-O-O (13... Rd8 $11) 14. Qc4 Bd6 15. Rhe1 Rhe8 16. Qa4 (16. c3 {seems wilder.} h6 17. Qe2 Qb5 18. c4) 16... Bc7 17. c4 c5 18. Bc3 a6 19. a3 cxd4 20. Bxd4 Qa5 21. Qc2 (21. Qxa5 {simplifies} Bxa5 22. b4 Bc7 23. Kc2) 21... e5 22. Bc3 Rxd1+ 23. Rxd1 Qc5 24. Qe2 Nd7 25. Ng5 f6 (25... Qc6 $11) 26. Ne4 ({Don't play} 26. Nxh7 $6 Qe7 $11) ({Better is} 26. Qh5 $16 g6 27. Qxh7) 26... Qe7 (26... Qc6 $11 {remains equal.}) 27. Bb4 {[%emt 0:00:00] White has more active pieces.} Qe6 28. Ka1 Nb6 (28... Kb8 $16) 29. c5 $1 $18 Nd5 30. Qc4 (30. Nd6+ $1 $16 Bxd6 31. cxd6) 30... Nxb4 $11 31. Qxb4 Qc6 32. Nd6+ (32. g4 {simplifies} Kb8 33. Qc4 Rh8 34. f3) 32... Bxd6 33. Rxd6 (33. cxd6 {simplifies} Rd8 34. Qd2 Kb8 35. d7) 33... Qxg2 {[%emt 0:00:23][%mdl 12288] Endgame KQR-KQR} (33... Qb5 $1 $11 {and Black is okay.}) 34. c6 $2 ({Not} 34. Qa4 Qf1+ 35. Rd1 (35. Ka2 Qb5 $11) 35... Qb5 36. Qg4+ Kb8 $11) (34. Qc4 $1 $18 {[%cal Rc4f7] is the precise move to win.}) 34... bxc6 $2 (34... Qh1+ $2 35. Ka2 $18) (34... Qf1+ $16 35. Ka2 Qb5) 35. Qb6 $1 $18 {[%emt 0:00:00][%csl LRa6,LRc6] White is clearly winning.} Qf1+ 36. Ka2 Qc4+ {[%emt 0:00:01] [#]} 37. Kb1 $1 Qf1+ {[%emt 0:00:12] [#]} 38. Kc2 $1 Qe2+ 39. Kc3 {[%emt 0:00:14] Weighted Error Value: White=0.51/Black=0.41} 1-0

[Event "Romanian Rapid Open 2022"]
[Site "Sebes"]
[Date "2022.12.02"]
[Round "4.34"]
[White "Berescu, Alin-Mile"]
[Black "Tariceanu, Victor"]
[Result "0-1"]
[ECO "B04"]
[WhiteElo "2429"]
[BlackElo "1720"]
[Annotator "TA"]
[PlyCount "155"]
[EventDate "2022.12.02"]
[EventType "rapid"]
[EventCountry "ROU"]
[SourceTitle "playchess.com"]
[Source "ChessBase"]
[SourceQuality "1"]
[TimeControl "600+5"]

1. e4 Nf6 2. e5 Nd5 3. g3 d6 4. exd6 cxd6 5. Bg2 Nb6 6. d4 g6 7. Nf3 Bg7 8. O-O {[%emt 0:00:03] B04: Alekhine's Defence: 4 Nf3.} Nc6 {[%emt 0:00:01] [#]} 9. a4 $146 ({Predecessor:} 9. c3 O-O 10. Re1 e5 11. Na3 Be6 12. Nc2 f5 13. Ng5 Bc8 14. d5 Ne7 15. f4 {0-1 (39) Schneider,D (1941)-Herzenstein,G (1915) Burg Stargard 2002}) 9... Bg4 10. c3 $1 d5 11. a5 Nc4 12. a6 bxa6 13. Rxa6 Qc8 14. Ra2 O-O 15. Bf4 h6 16. b3 Nb6 17. Qc1 (17. Qd2 $5 ) 17... g5 18. Be3 Qf5 {[%emt 0:00:11] Against Ne5} 19. Nbd2 Rac8 20. Qb1 Qf6 (20... a5 $1 $11 {remains equal.}) 21. Rc1 e6 22. Qb2 ({Better is} 22. h4 $16) 22... Rb8 (22... Qe7 $11 {keeps the balance.}) 23. Qa1 (23. Ne5 $16 Nxe5 24. dxe5) 23... Rfc8 (23... Qd8 $14) 24. b4 Nd7 25. Ne1 ({White should play} 25. h3 $16 Bxf3 26. Nxf3) 25... Bf5 {[%emt 0:00:12] [#]} (25... e5 $14 {is superior.}) 26. Bf1 $1 $16 Qe7 (26... Qd8 $16) 27. b5 $18 Nd8 28. Rxa7 Qd6 (28... Rb7 $16 29. Nd3 Bf8) 29. Qa6 $2 (29. c4 $18 {is more deadly.}) 29... Nb6 (29... Qxa6 $16 {might work better.} 30. Rxa6 (30. bxa6 e5 $16) 30... e5) 30. Qa3 (30. c4 $18 {Strongly threatening c5.} dxc4 31. Nxc4 Nxc4 32. Rxc4 Qxa6 33. Rxa6) 30... Qxa3 $14 31. Rxa3 Bf8 {[%emt 0:00:01] Inhibits h4.} 32. Ra6 Nc4 33. Nxc4 dxc4 34. b6 Rc6 35. d5 exd5 36. Nf3 {[%emt 0:00:10] Threatens to win with Nd4.} Bg7 37. Nd4 Bxd4 38. Bxd4 Ne6 39. Be3 $36 {[%emt 0:00:01][%mdl 2048] Keeping Black busy.} Nc5 40. Ra5 Nb3 41. Rxd5 Be6 42. Rcd1 Bxd5 43. Rxd5 Kf8 {[%emt 0:00:30] [#]} (43... Na1 $16 {is a better defense.} 44. Rd7 Nc2) 44. Rb5 $1 $18 Ke7 45. b7 {[%emt 0:00:11] Black must now prevent Ba7.} Ra6 {[%emt 0:00:15] Prevents Ba7.} 46. Bxc4 Na5 47. Bd5 (47. Bf1 $18) 47... Kd7 48. h4 ({Don't take} 48. Bxf7 $6 Rxb7 $14) 48... f6 49. hxg5 hxg5 50. f4 Kc7 51. fxg5 fxg5 52. Bxg5 {[%emt 0:00:04] A strong pair of Bishops.} (52. Bf3 $16 Nxb7 53. Rxg5 Ra1+ 54. Kf2 Ra2+ 55. Kg1 Ra1+ 56. Kg2 Ra2+ 57. Kg1 Ra1+) 52... Nxb7 $11 53. Bf4+ Nd6 54. Rxb8 Kxb8 {[%emt 0:00:03][%mdl 4096] Endgame KRN-KB} 55. c4 {[%emt 0:00:03] c5 is the strong threat.} Kc8 56. Kf2 Nf5 57. Kf3 Kd7 58. Ke4 Nd6+ 59. Kd4 Ra3 60. g4 Ra1 61. g5 Rg1 62. Kc5 Nf5 63. Bc6+ Ke7 64. Bd2 Kf7 65. Be4 Ne7 66. Kd4 Ke6 67. Be3 Rg4 68. Kd3 Ke5 69. Bd4+ Ke6 70. Bf6 Nc8 71. Bf3 Rg3 72. Ke2 {[%emt 0:00:05] Hoping for Kf2.} Nd6 73. Bd5+ (73. Kf2 {simplifies} Rxf3+ 74. Kxf3 Nxc4 75. Kg4) 73... Kd7 74. c5 Nf5 75. Bf3 Rg1 76. c6+ Kd6 77. Kf2 Nh4 78. Be4 {[%emt 0:00:15][%mdl 32768] Black defended with fortune.   Weighted Error Value: White=0.22 (precise) /Black=0.25 (precise) . Loss on time!?} 0-1

[Event "Romanian Rapid Open 2022"]
[Site "Sebes"]
[Date "2022.12.02"]
[Round "4.35"]
[White "Sfarlog, Tudor-Vlad"]
[Black "Calugareanu, Ioana-Denisa"]
[Result "1-0"]
[ECO "D34"]
[WhiteElo "2283"]
[BlackElo "1396"]
[Annotator "TA"]
[PlyCount "105"]
[EventDate "2022.12.02"]
[EventType "rapid"]
[EventCountry "ROU"]
[SourceTitle "playchess.com"]
[Source "ChessBase"]
[SourceQuality "1"]
[TimeControl "600+5"]

1. Nf3 e6 2. c4 Nf6 3. g3 d5 4. Bg2 Be7 5. O-O O-O 6. d4 c5 7. cxd5 exd5 8. Nc3 Nc6 9. dxc5 Bxc5 10. Bg5 d4 11. Bxf6 Qxf6 12. Ne4 Qe7 13. Nxc5 Qxc5 14. Rc1 Qb6 15. Qd2 Be6 {[%emt 0:00:26] D34: Tarrasch Defence: 6 g3 Nf6 7 Bg2 Be7.} 16. b3 Rfd8 17. Rfd1 (17. Ng5 {is interesting.} Bd5 18. Qf4 Qa5 19. Qf5) 17... Rac8 (17... h6 $11) 18. Ng5 $16 {[%emt 0:00:23] [#]} Bf5 $146 ({Predecessor:} 18... Bd5 19. Bxd5 Rxd5 20. Qf4 Qc7 21. Qxc7 Rxc7 22. Nf3 Rcd7 23. Ne1 g5 24. Nd3 Re7 {½-½ (59) Koch,W (2310)-Heppekausen,J Germany 1995}) 19. Qf4 {[%emt 0:00:30] Prevents h6.} Bg6 20. Bh3 {[%emt 0:00:15] Inhibits h6. White is much more active.} (20. Ne4 $16) 20... Rc7 $11 21. Bf5 h6 {[%emt 0:01:30] [#]} ({Black should try} 21... Bxf5 $1 $11 22. Qxf5 g6) 22. Nf3 (22. Ne6 $1 $14 fxe6 23. Bxg6) 22... Bxf5 23. Qxf5 Rcd7 24. h4 Rd5 25. Qe4 Qa6 26. Rd2 d3 ({Black should play} 26... Qa3 $11 27. Ra1 R5d6) 27. Rc3 (27. Rc4 $14) 27... f5 (27... Nd4 $11 {keeps the balance.} 28. Nxd4 Rxd4) 28. Qe6+ $16 Kh8 29. Rcxd3 Rxd3 30. exd3 Rxd3 31. Qc8+ ({Resist} 31. Qxf5 Rxd2 32. Nxd2 Qxa2 33. Qc8+ Kh7 $16) 31... Nd8 32. Qxf5 (32. Rxd3 $18 Qxd3 33. Ne5 Qd1+ 34. Kh2) 32... Rxd2 33. Nxd2 $18 {[%emt 0:00:00][%mdl 4096] Endgame Hoping for Qf8+. KQN-KQN} Qd6 {[%emt 0:00:03] Inhibits Qf8+.} (33... Nc6 $16 {is a better defense.} 34. a4 Qb6 35. Qf8+ Kh7) 34. Nc4 Qd1+ 35. Kg2 b6 36. Ne5 Qd5+ 37. Kh2 Qe6 (37... Kg8 $16 38. Kg1 b5) 38. Ng6+ Kg8 39. Qf8+ Kh7 40. Nf4 $36 {[%emt 0:00:00][%mdl 2048] White has strong initiative.} Qd7 41. h5 {[%emt 0:00:00] And now Ng6 would win.} Qd2 $2 {[%emt 0:00:03] A mistake that costs the game.} (41... Nf7 $16 42. Qa8 Ng5) 42. Ng6 Nf7 {[%emt 0:00:06] Inhibits Qh8+.} 43. Qxf7 {[%emt 0:00:00] White threatens Qf8 and mate.} Qg5 44. Nf4 (44. Nf8+ $142 Kh8 45. Qe8 Qxh5+ 46. Qxh5 a6 47. Qf7 a5 48. Ne6 Kh7 49. Qxg7#) 44... Qc5 {[%emt 0:00:03] [#]} 45. Qxg7+ $3 Kxg7 46. Ne6+ Kf6 47. Nxc5 bxc5 {[%emt 0:00:01] KP-KP} 48. f4 Kf5 49. Kh3 a5 50. a4 Ke4 51. Kg4 Kd3 52. f5 Kc3 53. f6 {[%emt 0:00:00] Weighted Error Value: White=0.15 (very precise) /Black=0.61} 1-0

[Event "Romanian Rapid Open 2022"]
[Site "Sebes"]
[Date "2022.12.02"]
[Round "4.36"]
[White "Stefan, Iulia-Cristiana"]
[Black "Tampea, Radu"]
[Result "0-1"]
[ECO "B25"]
[WhiteElo "1662"]
[BlackElo "2110"]
[Annotator "TA"]
[PlyCount "108"]
[EventDate "2022.12.02"]
[EventType "rapid"]
[EventCountry "ROU"]
[SourceTitle "playchess.com"]
[Source "ChessBase"]
[SourceQuality "1"]
[TimeControl "600+5"]

1. e4 c5 2. Nc3 Nc6 3. g3 g6 4. Bg2 Bg7 5. d3 d6 6. Nh3 h6 {[%emt 0:00:02] B25: Closed Sicilian: 3 g3, lines without early Be3.} 7. O-O e5 8. f4 Nge7 {[%emt 0:00:01] The position is equal.} 9. f5 (9. Be3 $11) 9... gxf5 $15 10. Qh5 $1 Nd4 11. Rf2 Be6 {[%emt 0:00:36] [#]} 12. Nd1 $146 (12. Be3 $11) ({Predecessor:} 12. Be3 Ng8 13. Bxd4 cxd4 14. exf5 Nf6 15. Qe2 Bd7 16. Nd5 h5 17. Nhf4 h4 18. g4 {½-½ (61) Starostits,I (2480)-Krasenkow,M (2620) Germany 2008}) 12... fxe4 $17 13. dxe4 Qd7 {[%emt 0:00:05][%cal Od4c2] [#] And now ...Nxc2! would win. Black is more active.} 14. c3 Ndc6 (14... Nc2 {is more complex.} 15. Rb1 Ne1 16. Bf1 c4) 15. Ne3 O-O-O 16. Kh1 (16. Nf5 $15) 16... Rdf8 (16... Kb8 $17 17. Nf5 Bxf5 18. exf5 f6) 17. Nf5 $1 $15 f6 18. Ng1 (18. Nxg7 $2 {is the wrong capture.} Bg4 19. Qh4 Ng6 $19) (18. Be3 $1 $15) 18... Nxf5 $19 19. exf5 Bf7 $36 {[%emt 0:00:00][%mdl 2048] White is under strong pressure.} 20. Qe2 h5 21. h3 (21. Be3 $17) 21... Bh6 22. Bxh6 Rxh6 23. Rd1 Rhh8 24. Qd2 Kc7 ({Stronger than} 24... Bxa2 25. Qxd6 Qxd6 26. Rxd6) 25. Bd5 (25. b3 $17) 25... Rhg8 26. Ne2 Bxd5+ 27. Qxd5 Ne7 {[%emt 0:00:01][%csl LRd5,LRf5] Inhibits c4.} 28. Qf3 Qc6 29. Qxc6+ (29. c4 {was worth a try.}) 29... Kxc6 ({Not} 29... Nxc6 30. c4 $19) 30. c4 Rg5 31. Rdf1 a6 32. Nc3 $2 (32. a4 {was called for.}) 32... Rxg3 33. Kh2 Rd3 34. Rg1 Rg8 {[%emt 0:00:06] Prevents Rg7.} 35. Rxg8 Nxg8 {[%emt 0:00:01][%mdl 4096] Endgame KRN-KRN} 36. Nd5 b5 37. b3 bxc4 38. bxc4 Rd4 39. Ne3 (39. Rc2 {is the only way for White.}) 39... Ne7 40. Rg2 Re4 41. Rg3 h4 42. Rf3 Rd4 {[%emt 0:00:20] [#] White must now prevent ...Rd3.} 43. Rf2 Rf4 44. Kg2 Rxf2+ 45. Kxf2 {[%emt 0:00:00] KN-KN} d5 {Strongly threatening ...d4.} 46. cxd5+ Nxd5 47. Ng4 c4 {[%emt 0:00:02][%cal Bc5c4,Bc4c3][%mdl 32] Black mates.} 48. Kf3 c3 49. Ke2 e4 50. a3 Kd6 51. Ke1 a5 52. Ke2 a4 53. Ke1 e3 54. Ke2 c2 {[%emt 0:00:02] Weighted Error Value: White=0.41/Black=0.16 (very precise)} 0-1